 Dungeon Crawl Stone Soup version 0.28-a0-1143-gcf6077d4cc (webtiles) character file.

Game seed: 8500830810122744627

373474 emperorscorpion the Sorcerer (level 23, 0/130 HPs)
             Began as a Kobold Ice Elementalist on Dec 12, 2021.
             Was the Champion of Qazlal.
             Slain by a war gargoyle (9 damage)
             ... while paralysed by an ogre mage
             ... on level 5 of the Vaults on Dec 13, 2021.
             The game lasted 04:54:24 (63668 turns).

emperorscorpion the Sorcerer (KoIE)                Turns: 63668, Time: 04:54:24

Health: 0/130      AC: 19    Str: 10    XL:     23   Next: 78%
Magic:  53/53      EV:  3    Int: 37    God:    Qazlal [******]
Gold:   1562       SH:  0    Dex: 24    Spells: 11/74 levels left

rFire   + . .      SeeInvis +   b - +7 spear "Demonslayer" {drain, +Blink rPois Int+2}
rCold   + . .      Faith    .   w - +5 kite shield {reflect}
rNeg    . . .      Spirit   .   B - +2 ring mail of the Bells {Drain Regen+ Int+3 Dex+4}
rPois   +          Reflect  +   I - +2 helmet {SInv}
rElec   .          Harm     .   g - scarf {rC+ rF+}
rCorr   .          Rampage  .   M - +0 pair of gloves of the Barnacle {Str+4}
Will    +....                   y - +2 pair of boots
Stlth   +.........              j - amulet of magic regeneration
HPRegen 1.11/turn               d - ring of wizardry
MPRegen 0.73/turn               f - ring of Life {Int+6 Dex+4}

@: paralysed, protected from physical damage, studying Crossbows, repel missiles
A: small, no large weapons, nightstalker 3
}: 2/15 runes: decaying, gossamer
a: Renounce Religion, Evoke Blink, Upheaval, Elemental Force, Disaster Area


You were on level 5 of the Vaults.
You worshipped Qazlal.
Qazlal was exalted by your worship.
You visited 8 branches of the dungeon, and saw 40 of its levels.
You visited 1 bazaar.
You also visited: Gauntlet.

You collected 4316 gold pieces.
You spent 2754 gold pieces at shops.

Inventory:

Hand Weapons
 a - the +4 rapier of Dumev {drain, Int+2}
   (You found it on level 4 of the Lair of Beasts)

   A truly terrible weapon, it drains the life of any living foe it strikes.
   Int:       It affects your intelligence (+2).
 b - the +7 spear "Demonslayer" (weapon) {drain, +Blink rPois Int+2}
   (You bought it in a shop on level 2 of the Orcish Mines)

   A truly terrible weapon, it drains the life of any living foe it strikes.
   Int:       It affects your intelligence (+2).
   rPois:     It protects you from poison.
   +Blink:    It lets you blink.
 J - a +4 short sword
Missiles
 D - 3 boomerangs of dispersal
 E - 14 atropa-tipped darts (quivered)
 Z - 5 datura-tipped darts
Armour
 g - a scarf of resistance (worn)
 w - a +5 kite shield of reflection (worn)
 y - a +2 pair of boots (worn)
 B - the +2 ring mail of the Bells (worn) {Drain Regen+ Int+3 Dex+4}
   (You found it on level 4 of the Spider Nest)

   Int:       It affects your intelligence (+3).
   Dex:       It affects your dexterity (+4).
   Regen:     It increases your rate of health regeneration.
   Drain:     It drains your maximum health when unequipped.
 I - a +2 helmet of see invisible (worn)
 M - the +0 pair of gloves of the Barnacle (worn) {Str+4}
   (You found it on level 12 of the Dungeon)

   Str:       It affects your strength (+4).
Jewellery
 d - a ring of wizardry (left hand)
 f - the ring of Life (right hand) {Int+6 Dex+4}
   (You acquired it on level 4 of the Vaults)

   [ring of intelligence]

   Int:       It affects your intelligence (+6).
   Dex:       It affects your dexterity (+4).
 j - an amulet of magic regeneration (around neck)
 u - a ring of wizardry
 F - the ring "Xianuepn" {Fly rCorr MP+9 Slay+5 Stlth+}
   (You acquired it on level 2 of the Spider Nest)

   [ring of flight]

   Slay:      It affects your accuracy & damage with ranged weapons and melee
   (+5).
   MP:        It affects your magic capacity (+9).
   Fly:       It grants you flight.
   rCorr:     It protects you from acid and corrosion.
   Stlth:     It makes you more stealthy.
 Q - a ring of positive energy
Wands
 C - a wand of flame (26)
 R - a wand of digging (19)
 T - a wand of paralysis (11)
Scrolls
 c - a scroll of enchant armour
 h - 2 scrolls of identify
 i - 4 scrolls of amnesia
 k - 5 scrolls of magic mapping
 n - 7 scrolls of fear
 p - 4 scrolls of blinking
 v - 7 scrolls of immolation
 K - 11 scrolls of teleportation
 L - a scroll of brand weapon
 V - 6 scrolls of fog
 W - 2 scrolls of holy word
 Y - 3 scrolls of silence
Potions
 l - 2 potions of haste
 o - 2 potions of invisibility
 q - 10 potions of flight
 s - 5 potions of brilliance
 x - 4 potions of mutation
 A - 6 potions of heal wounds
 N - 6 potions of curing
 O - 5 potions of ambrosia
 P - a potion of resistance
 U - 3 potions of might
Miscellaneous
 e - a condenser vane
 t - a phial of floods
 G - a tin of tremorstones (2/2)
 H - a phial of floods
 S - a lightning rod (4/4)
 X - a box of beasts


   Skills:
 + Level 9.3 Fighting
 - Level 5.3 Short Blades
 + Level 6.4 Polearms
 - Level 0.8 Throwing
 + Level 6.8 Armour
 + Level 13.0 Dodging
 - Level 2.8 Stealth
 * Level 10.0 Shields
 * Level 26.3 Spellcasting
 + Level 16.5 Conjurations
 + Level 1.6 Hexes
 - Level 1.0 Necromancy
 - Level 0.1 Fire Magic
 - Level 10.9 Ice Magic
 - Level 4.3 Air Magic
 - Level 0.3 Poison Magic
 * Level 10.0 Invocations
 + Level 5.4 Evocations


You had 11 spell levels left.
You knew the following spells:

 Your Spells              Type           Power      Damage    Failure   Level
a - Lightning Bolt        Conj/Air       45%        1d65      1%          5
b - Freezing Cloud        Conj/Ice/Air   45%        6-21      1%          5
c - Mephitic Cloud        Conj/Pois/Air  79%        N/A       1%          3
d - Hailstorm             Conj/Ice       100%       3d20      1%          4
e - Ozocubu's Armour      Ice            92%        N/A       1%          3
f - Dispel Undead         Necr           54%        3d20      6%          4
g - Dazzling Flash        Conj/Hex       100%       N/A       1%          3
h - Fulminant Prism       Conj/Hex       43%        3d20      1%          4
i - Corpse Rot            Necr/Air       100%       N/A       1%          2
j - Orb of Destruction    Conj           53%        9d16      1%          7
k - Spellforged Servitor  Conj/Summ      41%        N/A       26%         7
l - Ozocubu's Refrigerat  Ice            46%        4d14      10%         7
m - Flame Wave            Conj/Fire      84%        2d12      1%          4
n - Sublimation of Blood  Necr           54%        N/A       1%          2
R - Frozen Ramparts       Ice            100%       1d12      1%          3

Your spell library contained the following spells:

 Spells                   Type           Power      Damage    Failure   Level
 Magic Dart               Conj           100%       1d8       0%          1
 Animate Skeleton         Necr           100%       N/A       1%          1
 Apportation              Tloc           96%        N/A       1%          1
 Freeze                   Ice            100%       1d11      1%          1
 Pain                     Necr           100%       1d9       1%          1
 Sandblast                Erth           96%        2d20      1%          1
 Shock                    Conj/Air       100%       1d9       1%          1
 Slow                     Hex            100%       N/A       1%          1
 Summon Small Mammal      Summ           100%       N/A       1%          1
 Call Imp                 Summ           48%        N/A       1%          2
 Static Discharge         Conj/Air       90%        N/A       1%          2
 Irradiate                Conj/Tmut      41%        3d27      1%          5
 Ignite Poison            Fire/Tmut/Pois 49%        N/A       2%          3
 Portal Projectile        Hex/Tloc       100%       N/A       2%          3
 Summon Guardian Golem    Hex/Summ       53%        N/A       2%          3
 Call Canine Familiar     Summ           48%        N/A       3%          3
 Summon Lightning Spire   Summ/Air       59%        N/A       4%          4
 Leda's Liquefaction      Hex/Erth       26%        N/A       7%          4
 Silence                  Hex/Air        31%        N/A       9%          5
 Petrify                  Tmut/Erth      48%        N/A       10%         4
 Agony                    Necr           54%        N/A       17%         5
 Excruciating Wounds      Necr           27%        N/A       17%         5
 Yara's Violent Unravell  Hex/Tmut       26%        3d11      19%         5
 Blade Hands              Tmut           24%        N/A       26%         5
 Lee's Rapid Deconstruct  Erth           24%        3d14*     26%         5
 Summon Forest            Summ/Tloc      24%        N/A       26%         5
 Death Channel            Necr           27%        N/A       65%         6
 Eringya's Noxious Bog    Tmut/Pois      24%        N/A       77%         6
 Statue Form              Tmut/Erth      32%        N/A       80%         6
 Summon Hydra             Summ           24%        N/A       100%        7
 Maxwell's Capacitive Co  Air            34%        ∞         100%        8


Dungeon Overview and Level Annotations

Branches:
Dungeon (15/15)            Temple (1/1) D:5            Lair (6/6) D:11
  Swamp (4/4) Lair:3       Spider (4/4) Lair:3        Slime (0/5) Lair:6
    Orc (2/2) D:11            Elf (3/3) Orc:2        Vaults (5/5) D:14
  Crypt (0/3) Vaults:3     Depths (0/4) D:15        Gauntlet (visited)

Altars:
Ashenzari
Cheibriados
Dithmenos
Elyvilon
Fedhas
Hepliaklqana
Kikubaaqudgha
Makhleb
Okawaru
Qazlal
Ru
Sif Muna
Trog
Yredelemnul
Zin
Beogh

Shops:
D:13 (   Orc:2 ([*[   Elf:3 (   Vaults:3 [

Portals:
Hell: Lair:6
Bazaar: Orc:2


Innate Abilities, Weirdness & Mutations

You are small and have problems with some larger weapons.
You are completely attuned to the shadows.


Message History

The deep troll bites you!
You feel more protected from physical attacks.
The deep troll claws you!
The deep troll claws you but does no damage.
The war gargoyle barely misses you.
The deep elf high priest invokes the aid of its god against you.
Something smites you!
* * * LOW HITPOINT WARNING * * *
The deep troll is engulfed in blazing flames.
The deep troll bites you but does no damage.
The deep troll claws you but does no damage.
The deep troll claws you!
* * * LOW HITPOINT WARNING * * *
The ironbound convoker hits you but does no damage.
You hear a deafening roar!
The war gargoyle hits you with a +0 great mace!
* * * LOW HITPOINT WARNING * * *
You feel more protected from physical attacks.
The war gargoyle launches metal splinters at you.
The spray of metal splinters hits you!
You feel more protected from physical attacks.
* * * LOW HITPOINT WARNING * * *
The deep troll bites you but does no damage.
The deep troll claws you.
* * * LOW HITPOINT WARNING * * *
The deep troll claws you but does no damage.
A sphinx comes into view.
The deep troll is engulfed in blazing flames.
The deep troll bites you.
* * * LOW HITPOINT WARNING * * *
The deep troll claws you.
* * * LOW HITPOINT WARNING * * *
You feel more protected from physical attacks.
The deep troll claws you but does no damage.
The ironbound convoker hits you but does no damage.
The war gargoyle hits you but does no damage.
A purple very ugly thing comes into view.
You hear a shout!
The war gargoyle hits you with a +0 great mace!
You die...

u......#
..O[[p.##
..DpQ....
.[°9§e○..
H<°p@T[..
..e9°T...
.[.°[.○..
....[...#
.......#.


You could see an ironbound preserver, a golden dragon, a purple very ugly thing,
a sphinx, a tengu reaver, a deep elf sorcerer, an ogre mage, 2 deep trolls, 2
war gargoyles, a vault sentinel, a deep elf high priest and an ironbound
convoker.

Vanquished Creatures
  Boris (Vaults:2)
  Saint Roka (Orc:1)
  Jorgrun (D:13)
  Asterion (Spider:1)
  2 deep elf master archers (Elf:3)
  2 deep elf blademasters (Elf:3)
  3 sphinxes
  Donald (Elf:2)
  A fenstrider witch (Swamp:3)
  A fire giant (Vaults:1)
  4 ghost moths
  6 deep elf sorcerers (Elf:3)
  2 orc warlords
  Aizul (Swamp:1)
  8 vault wardens
  6 emperor scorpions
  A deep elf elementalist (Elf:3)
  19 ironbound preservers
  12 very ugly things
  6 deep elf demonologists
  7 deep elf annihilators
  5 eleionomae
  9 dire elephants
  6 entropy weavers
  5 bunyips
  2 spark wasps (Spider:2)
  Snorg (D:10)
  A minotaur (Gauntlet)
  6 deep elf death magi
  An ettin (D:15)
  10 yaktaur captains
  A fire dragon (D:15)
  A shambling mangrove (Swamp:3)
  3 deep elf high priests
  Erolcha (D:9)
  A ghost crab (Swamp:3)
  An ice dragon (D:14)
  6 ironbound thunderhulks
  33 vault guards
  2 catoblepae
  20 hydras
  5 boulder beetles
  4 ironbound frosthearts
  A hell beast (Lair:6)
  2 great orbs of eyes
  An ogre mage (Vaults:1)
  7 death yaks (Lair:6)
  11 centaur warriors
  11 alligators
  A deep troll earth mage (Vaults:4)
  5 two-headed ogres
  5 tengu warriors
  A vampire mage (Vaults:3)
  28 dancing weapons
  A spriggan berserker (Swamp:1)
  Urug (Lair:2)
  5 orc high priests
  The ghost of DEFE the Basher, a journeyman VSFi of the Shining One (D:11)
  22 deep elf knights
  2 spriggans
  The ghost of bmj180 the Chopper, a novice DrCj of Vehumet (D:8)
  6 skeletal warriors (D:14)
  45 deep trolls
  A titan skeleton (Vaults:4)
  3 spriggan druids
  10 swamp dragons (Swamp:4)
  7 goliath frogs
  A glowing orange brain (Vaults:3)
  3 lindwurms (Vaults:2)
  9 wizards
  13 orc knights
  23 deep elf archers
  16 ironbound convokers
  A tengu zombie (Vaults:2)
  A phantasmal warrior (Vaults:1)
  5 bog bodies
  47 ugly things
  44 deep elf pyromancers
  32 wolf spiders
  A fire giant zombie (Vaults:2)
  21 orb spiders
  3 necromancers
  3 manticores (D:14)
  7 cyclopes
  33 deep elf zephyrmancers
  6 orc sorcerers
  A tengu skeleton (Vaults:2)
  A frost giant zombie (Vaults:4)
  5 moths of wrath
  15 elephants
  4 will-o-the-wisps
  Maurice (D:9)
  22 vault sentinels
  5 black mambas
  14 cane toads
  Maggie (D:7)
  A cane toad (shapeshifter) (D:14)
  2 torpor snails
  4 gargoyles
  An unseen horror (D:11)
  2 orange demons (Lair:6)
  8 komodo dragons
  5 rime drakes
  7 demonic crawlers
  5 tengu conjurers
  3 ice devils (Lair:6)
  21 yaktaurs
  A komodo dragon (shapeshifter) (Elf:1)
  A hellwing (Lair:6)
  2 freezing wraiths
  A red devil (Lair:6)
  10 trolls
  A polar bear (shapeshifter) (Elf:2)
  4 meliai
  18 hornets
  9 tyrant leeches
  31 jumping spiders
  4 bloated husks
  3 polar bears
  Grinder (D:3)
  12 blink frogs
  A dream sheep (Lair:6)
  19 slime creatures
  2 shadows
  2 elf skeletons (Vaults:4)
  74 redbacks
  33 tarantellas
  7 wraiths
  2 water elementals
  43 yaks
  5 fire elementals
  4 wyverns
  2 basilisks
  A steam dragon (Lair:2)
  15 vampire mosquitoes
  13 swamp worms
  4 wargs
  An acid dragon (D:10)
  Duvessa (D:7)
  8 water moccasins
  A floating eye (shapeshifter) (Vaults:4)
  4 hell hounds (Lair:6)
  8 swamp drakes
  34 orc warriors
  The ghost of Subbak the Shield-Bearer, an amateur DDFi (D:4)
  A black bear (D:7)
  5 ogres
  6 wolves (Lair:6)
  4 necrophages
  13 centaurs
  A kobold brigand (D:10)
  9 bullfrogs
  2 human skeletons (Vaults:2)
  2 scorpions
  6 earth elementals
  A gnoll sergeant (D:9)
  A water moccasin zombie (D:6)
  A wyvern skeleton (D:6)
  Dowan (D:7)
  A water moccasin skeleton (D:4)
  18 killer bees
  12 wights (D:8)
  A lava snake (D:12)
  A bullfrog zombie (D:5)
  3 jellies
  6 hounds
  28 orc priests
  5 centaur zombies
  A gnoll shaman (D:9)
  A centaur skeleton (D:4)
  Jessica (D:3)
  3 iguanas
  Natasha (thrice) (D:2)
  29 orc wizards
  A killer bee zombie (D:6)
  A howler monkey zombie (D:5)
  12 gnolls
  4 adders
  A white imp (D:5)
  An adder skeleton (D:4)
  A worm (D:2)
  A dart slug (D:9)
  89 orcs
  5 ball pythons
  8 endoplasms
  A giant cockroach (D:3)
  A goblin (D:2)
  10 hobgoblins
  3 jackals (D:2)
  13 kobolds
  2 quokkas (D:1)
  4 bats
  2 frilled lizards
  8 rats
1502 creatures vanquished.

Vanquished Creatures (collateral kills)
  A war gargoyle (Vaults:3)
  An eidolon (Vaults:3)
  A crystal guardian (Vaults:3)
  A yaktaur captain (Vaults:3)
  A peacekeeper (Vaults:3)
  An ironbound convoker (Vaults:3)
6 creatures vanquished.

Vanquished Creatures (others)
  A bunyip (Swamp:1)
  2 deep elf knights
  A wolf spider (Spider:1)
  2 deep elf pyromancers (Elf:1)
  A bloated husk (Swamp:1)
  3 tarantellas
  A vampire mosquito (Swamp:1)
  An orc priest (Orc:2)
  2 orcs (Orc:2)
  A bush (Lair:2)
  8 foxfires
  8 fulminant prisms
  26 fungi
  38 plants
95 creatures vanquished.

Grand Total: 1603 creatures vanquished

Notes
Turn   | Place    | Note
-------+----------+-------------------------------------------
     0 | D:1      | emperorscorpion the Kobold Ice Elementalist began the quest
                  | for the Orb.
     0 | D:1      | Reached XP level 1. HP: 10/10 MP: 3/3
   338 | D:1      | Found a faded altar of an unknown god.
   381 | D:1      | Reached XP level 2. HP: 12/15 MP: 1/5
  1042 | D:2      | Reached XP level 3. HP: 19/19 MP: 1/6
  1046 | D:2      | Learned a level 3 spell: Mephitic Cloud
  1628 | D:2      | Reached XP level 4. HP: 24/24 MP: 8/8
  1702 | D:2      | Reached skill level 3 in Spellcasting
  1875 | D:2      | Noticed Natasha
  1882 | D:2      | Killed Natasha
  1911 | D:2      | Learned a level 3 spell: Frozen Ramparts
  2016 | D:3      | Reached skill level 5 in Ice Magic
  2031 | D:3      | Reached XP level 5. HP: 28/28 MP: 0/10
  2208 | D:2      | Noticed Natasha
  2281 | D:2      | Killed Natasha
  2338 | D:2      | Noticed Natasha
  2343 | D:2      | Killed Natasha
  2344 | D:2      | Reached skill level 4 in Spellcasting
  2666 | D:3      | Noticed Jessica
  2671 | D:3      | Killed Jessica
  2672 | D:3      | Reached XP level 6. HP: 32/32 MP: 5/12
  2672 | D:3      | Noticed Grinder
  2679 | D:3      | Paralysed by Grinder for 3 turns
  2957 | D:3      | Learned a level 4 spell: Hailstorm
  3290 | D:4      | Noticed an ogre
  3295 | D:4      | Killed an ogre
  3296 | D:4      | Reached skill level 1 in Short Blades
  3406 | D:4      | Reached skill level 5 in Spellcasting
  3542 | D:4      | Reached XP level 7. HP: 33/37 MP: 3/14
  3914 | D:4      | Found an iron altar of Okawaru.
  3939 | D:4      | Found a basalt altar of Yredelemnul.
  4056 | D:4      | Found a transporter.
  4058 | D:4      | Noticed Subbak's ghost (amateur DDFi)
  4146 | D:4      | Found a transporter.
  4457 | D:5      | Entered Level 5 of the Dungeon
  4551 | D:5      | Noticed a water moccasin
  4556 | D:5      | Killed a water moccasin
  4557 | D:5      | Reached skill level 1 in Conjurations
  4629 | D:5      | Reached skill level 6 in Spellcasting
  4667 | D:5      | Found a staircase to the Ecumenical Temple.
  4673 | Temple   | Entered the Ecumenical Temple
  4705 | Temple   | Became a worshipper of Qazlal Stormbringer
  4734 | D:5      | Reached skill level 1 in Fighting
  5454 | D:5      | Reached XP level 8. HP: 44/44 MP: 14/17
  6503 | D:6      | Learned a level 3 spell: Ozocubu's Armour
  6695 | D:6      | Reached skill level 7 in Spellcasting
  7062 | D:6      | Noticed a hornet
  7070 | D:6      | Killed a hornet
  7071 | D:6      | Reached XP level 9. HP: 39/49 MP: 2/20
  7602 | D:6      | Reached skill level 8 in Spellcasting
  8631 | D:7      | Reached * piety under Qazlal
  8918 | D:7      | Reached skill level 9 in Spellcasting
  9047 | D:7      | Noticed Maggie
  9089 | D:7      | Killed Maggie
  9711 | D:7      | Reached XP level 10. HP: 11/54 MP: 23/23
  9950 | D:7      | Noticed Duvessa
  9960 | D:7      | Noticed Dowan
  9965 | D:7      | Killed Duvessa
  9972 | D:7      | Killed Dowan
  9973 | D:7      | Reached skill level 1 in Evocations
 10427 | D:7      | Learned a level 4 spell: Dispel Undead
 10587 | D:8      | Reached skill level 10 in Spellcasting
 10886 | D:8      | Found a transporter.
 10911 | D:8      | Noticed a moth of wrath
 10923 | D:8      | Found a transporter.
 10936 | D:8      | Noticed bmj180's ghost (novice DrCj)
 11560 | D:8      | Reached skill level 1 in Necromancy
 11868 | D:8      | Reached ** piety under Qazlal
 12644 | D:9      | Noticed Maurice
 12654 | D:9      | Killed Maurice
 12655 | D:9      | Reached skill level 11 in Spellcasting
 12856 | D:9      | Reached skill level 5 in Dodging
 13625 | D:9      | Noticed a two-headed ogre
 13633 | D:9      | Killed a two-headed ogre
 13634 | D:9      | Reached XP level 11. HP: 58/58 MP: 8/26
 13761 | D:9      | Found a shadowy altar of Dithmenos.
 13761 | D:9      | Found a burning altar of Makhleb.
 13794 | D:9      | Found a snail-covered altar of Cheibriados.
 14151 | D:9      | Reached skill level 12 in Spellcasting
 14291 | D:9      | Noticed Erolcha
 14297 | D:9      | Killed Erolcha
 14297 | D:9      | Reached *** piety under Qazlal
 14298 | D:9      | Reached skill level 1 in Air Magic
 14587 | D:9      | Found a shimmering blue altar of Sif Muna.
 14641 | D:10     | Entered Level 10 of the Dungeon
 14958 | D:10     | Noticed Snorg
 15434 | D:10     | Killed Snorg
 15435 | D:10     | Reached skill level 5 in Conjurations
 16090 | D:3      | Killed Grinder
 17044 | D:4      | Killed Subbak's ghost
 17350 | D:8      | Found a bloodstained altar of Trog.
 17361 | D:8      | Killed a moth of wrath
 17362 | D:8      | Reached skill level 1 in Armour
 17372 | D:8      | Reached skill level 13 in Spellcasting
 17682 | D:11     | Learned a level 5 spell: Freezing Cloud
 17796 | D:11     | Got Zeadeyd's Handbook of Floating Beguiling
 17802 | D:11     | Learned a level 4 spell: Fulminant Prism
 17924 | D:11     | Reached XP level 12. HP: 51/64 MP: 7/29
 18097 | D:11     | Noticed a two-headed ogre
 18106 | D:11     | Killed a two-headed ogre
 18281 | D:11     | Noticed a two-headed ogre
 18302 | D:11     | Killed a two-headed ogre
 18485 | D:11     | Found a runed translucent gate.
 18485 | D:11     | Found a runed translucent gate.
 18485 | D:11     | Found a runed translucent gate.
 18494 | D:11     | Noticed DEFE's ghost (journeyman VSFi)
 18538 | D:11     | Reached skill level 14 in Spellcasting
 18650 | D:11     | Found a staircase to the Lair.
 18746 | D:11     | Found a staircase to the Orcish Mines.
 18838 | D:11     | Identified the +3 plate armour "Roge" {Str-3 Dex+6}
 18865 | D:11     | Killed DEFE's ghost
 18882 | D:11     | Identified the +1 ring mail of Servitude {Harm rElec}
 19023 | Orc:1    | Entered Level 1 of the Orcish Mines
 19275 | Orc:2    | Entered Level 2 of the Orcish Mines
 19278 | Orc:2    | Noticed an orc high priest
 19282 | Orc:2    | Reached **** piety under Qazlal
 19282 | Orc:2    | Killed an orc high priest
 19479 | Lair:1   | Entered Level 1 of the Lair of Beasts
 19938 | Lair:1   | Noticed an eight-headed hydra
 19944 | Lair:1   | Killed an eight-headed hydra
 19945 | Lair:1   | Reached skill level 1 in Shields
 20682 | Lair:2   | Reached skill level 10 in Ice Magic
 20778 | Lair:2   | Reached XP level 13. HP: 47/69 MP: 26/31
 20817 | Lair:2   | Reached skill level 15 in Spellcasting
 21148 | Lair:2   | Noticed Urug
 21166 | Lair:2   | Killed Urug
 21876 | Lair:3   | Found an iron altar of Okawaru.
 21883 | Lair:3   | Found a gate leading to a gauntlet.
 21889 | Gauntlet | Entered a Gauntlet
 21889 | Gauntlet | Found a transporter.
 21910 | Gauntlet | Found a transporter.
 21918 | Gauntlet | Found a transporter.
 21924 | Gauntlet | Found a transporter.
 21929 | Gauntlet | Noticed a blizzard demon
 21946 | Gauntlet | Found a transporter.
 21958 | Gauntlet | Found a transporter.
 21970 | Gauntlet | Found a transporter.
 21981 | Gauntlet | Found a large runed translucent door.
 21981 | Gauntlet | Found a large runed translucent door.
 21982 | Gauntlet | Found a large runed translucent door.
 21983 | Gauntlet | Found a large runed translucent door.
 21984 | Gauntlet | Found a large runed translucent door.
 21984 | Gauntlet | Found a large runed translucent door.
 21985 | Gauntlet | Found a large runed translucent door.
 21986 | Gauntlet | Found a large runed translucent door.
 21998 | Gauntlet | Found a runed translucent gate.
 21999 | Gauntlet | Found a transporter.
 21999 | Gauntlet | Found a runed translucent gate.
 22000 | Gauntlet | Found a runed translucent gate.
 22011 | Gauntlet | Found a transporter.
 22026 | Gauntlet | Found a transporter.
 22046 | Gauntlet | Found a transporter.
 22058 | Gauntlet | Found a transporter.
 22067 | Gauntlet | Found a transporter.
 22088 | Gauntlet | Noticed a catoblepas
 22090 | Gauntlet | Found a transporter.
 22104 | Gauntlet | Found a transporter.
 22114 | Gauntlet | Killed a catoblepas
 22205 | Gauntlet | Found a transporter.
 22216 | Gauntlet | Found a transporter.
 22224 | Gauntlet | Found a large runed translucent door.
 22242 | Gauntlet | Found a transporter.
 22423 | Gauntlet | Noticed a green death
 22602 | Gauntlet | Identified the ring of Resut {rPois rN++ rCorr Int-2 Dex-5}
 22634 | Gauntlet | Noticed a minotaur
 22648 | Gauntlet | Killed a minotaur
 22795 | Gauntlet | Identified the +4 glaive "Unteysch" {freeze, Dex+3}
 23175 | Lair:3   | Found a staircase to the Swamp.
 23472 | Lair:3   | Found a hole to the Spider Nest.
 23928 | Lair:4   | Learned a level 2 spell: Corpse Rot
 24087 | Lair:4   | Identified the +4 rapier of Dumev {drain, Int+2}
 24162 | Lair:4   | Reached skill level 16 in Spellcasting
 24807 | Lair:5   | Reached ***** piety under Qazlal
 24809 | Lair:5   | Noticed a catoblepas
 24810 | Lair:5   | Reached XP level 14. HP: 57/75 MP: 3/34
 24852 | Lair:4   | Reached skill level 5 in Short Blades
 26029 | Lair:6   | Entered Level 6 of the Lair of Beasts
 26567 | Lair:6   | Reached skill level 17 in Spellcasting
 27088 | Lair:6   | Found a staircase to the Slime Pits.
 27262 | Lair:6   | Noticed a dire elephant
 27281 | Lair:6   | Killed a dire elephant
 27404 | Lair:6   | Reached XP level 15. HP: 46/81 MP: 17/36
 27405 | Lair:6   | Reached skill level 5 in Fighting
 27973 | Lair:6   | Found a burning altar of Makhleb.
 27979 | Lair:6   | Found a gateway to Hell.
 27983 | Lair:6   | Identified the ring "Xodwetit" {Str+6 Dex+4}
 28216 | Orc:2    | Noticed Saint Roka
 28217 | Orc:2    | Reached ****** piety under Qazlal
 28235 | Orc:1    | Killed Saint Roka
 28395 | Orc:2    | Reached skill level 18 in Spellcasting
 28778 | Orc:2    | Found a staircase to the Elven Halls.
 28789 | Orc:2    | Found a gateway to a bazaar.
 28917 | Orc:2    | Reached skill level 5 in Shields
 29066 | Orc:2    | Paralysed by an orc sorcerer for 2 turns
 29257 | Orc:2    | Found Xineloi's Assorted Antiques.
 29257 | Orc:2    | Found Mixioku's Antique Armour Emporium.
 29259 | Orc:2    | Found Fonoafea's Weapon Boutique.
 29259 | Orc:2    | Found Kounat Girih's Antique Armour Emporium.
 29262 | Orc:2    | Bought a short runed staff for 372 gold pieces
 29262 | Orc:2    | Bought a spiked ring mail for 279 gold pieces
 29262 | Orc:2    | Identified the +1 ring mail "Piocziag" {rF- rN+ Stlth+}
                  | (You bought it in a shop on level 2 of the Orcish Mines)
 29269 | Orc:2    | Bought a faintly glowing ring mail for 270 gold pieces
 29269 | Orc:2    | Identified the +5 ring mail of Elyvilon's Benevolence
                  | {rPois rF- Regen+ Str+5} (You bought it in a shop on level
                  | 2 of the Orcish Mines)
 29270 | Orc:2    | Bought a spiked ring mail for 270 gold pieces
 29270 | Orc:2    | Identified the +3 ring mail of Xoer Gye {rF+ Dex+3} (You
                  | bought it in a shop on level 2 of the Orcish Mines)
 29273 | Orc:2    | Bought a transparent ring mail for 225 gold pieces
 29273 | Orc:2    | Identified the +5 ring mail of Dramatic Exits {Rampage}
                  | (You bought it in a shop on level 2 of the Orcish Mines)
 29274 | Orc:2    | Bought a runed helmet for 187 gold pieces
 29455 | D:9      | Got Sif Muna's Compendium of the Oath
 29457 | D:9      | Got Sif Muna's Tome of Displacement
 29459 | D:9      | Got Sif Muna's Volume of Stones
 29569 | D:8      | Killed bmj180's ghost
 30152 | D:12     | Identified the +0 pair of gloves of the Barnacle {Str+4}
 30799 | D:13     | Reached skill level 10 in Conjurations
 30904 | D:13     | Noticed Jorgrun
 30910 | D:13     | Killed Jorgrun
 31279 | D:13     | Found Vesuen's Antique Weapon Emporium.
 31323 | D:13     | Reached XP level 16. HP: 88/88 MP: 28/38
 31946 | D:14     | Reached skill level 19 in Spellcasting
 32666 | D:14     | Reached skill level 1 in Hexes
 33300 | D:14     | Found a gate to the Vaults.
 33537 | D:15     | Entered Level 15 of the Dungeon
 33604 | D:15     | Found a white marble altar of Elyvilon.
 34092 | D:15     | Reached skill level 20 in Spellcasting
 34170 | D:15     | Found a staircase to the Depths.
 34864 | D:15     | Found a glowing silver altar of Zin.
 35117 | Spider:1 | Entered Level 1 of the Spider Nest
 35170 | Spider:1 | Reached XP level 17. HP: 91/94 MP: 27/41
 35265 | Spider:1 | Noticed Asterion
 35279 | Spider:1 | Killed Asterion
 35290 | Spider:1 | Learned a level 5 spell: Lightning Bolt
 36789 | Spider:1 | Identified the +2 robe of the Good {rC+}
 36925 | Spider:2 | Reached skill level 21 in Spellcasting
 37041 | Spider:1 | Learned a level 3 spell: Dazzling Flash
 37247 | Spider:2 | Reached skill level 10 in Dodging
 37724 | Spider:2 | Identified 3 scrolls of acquirement
 37724 | Spider:2 | Acquired the ring "Xianuepn" {Fly rCorr MP+9 Slay+5 Stlth+}
 37725 | Spider:2 | Acquired a staff of air
 37726 | Spider:2 | Acquired a book of Dangerous Friends
 37775 | Spider:2 | Learned a level 7 spell: Orb of Destruction
 39796 | Spider:4 | Entered Level 4 of the Spider Nest
 39815 | Spider:4 | Reached XP level 18. HP: 53/101 MP: 16/43
 40622 | Orc:2    | Bought the +7 spear "Demonslayer" {drain, +Blink rPois
                  | Int+2} for 879 gold pieces
 40941 | Spider:4 | Identified the +2 ring mail of the Bells {Drain Regen+
                  | Int+3 Dex+4}
 41790 | Spider:4 | Reached skill level 1 in Polearms
 42068 | Spider:4 | Reached skill level 22 in Spellcasting
 42254 | Spider:4 | Reached skill level 5 in Armour
 42270 | Spider:4 | Got a gossamer rune of Zot
 42469 | Swamp:1  | Entered Level 1 of the Swamp
 42852 | Swamp:1  | Noticed Aizul
 42864 | Swamp:1  | Killed Aizul
 44524 | Swamp:2  | Found an ancient bone altar of Kikubaaqudgha.
 44905 | Swamp:3  | Reached XP level 19. HP: 107/107 MP: 10/45
 45974 | Swamp:4  | Entered Level 4 of the Swamp
 46525 | Swamp:3  | Reached skill level 23 in Spellcasting
 47469 | Swamp:4  | Got a decaying rune of Zot
 47947 | Elf:1    | Entered Level 1 of the Elven Halls
 48239 | Elf:1    | Reached skill level 1 in Invocations
 49038 | Elf:1    | Identified the +8 trident of Big Damage {vorpal, rN++
                  | Stlth+}
 49083 | Elf:1    | Reached XP level 20. HP: 104/114 MP: 8/47
 49648 | Elf:1    | Got the Almanac of Conjuration
 52243 | Elf:2    | Noticed Donald
 52264 | Elf:2    | Killed Donald
 52747 | Elf:2    | Found a runed translucent gate.
 52747 | Elf:2    | Found a runed translucent gate.
 52748 | Elf:2    | Found a runed translucent gate.
 52927 | Elf:2    | Reached skill level 24 in Spellcasting
 53025 | Elf:2    | Reached skill level 5 in Invocations
 53542 | Elf:3    | Entered Level 3 of the Elven Halls
 53659 | Elf:3    | Found Beunkood's Antique Weapon Boutique.
 53993 | Elf:3    | Paralysed by an air elemental for 1 turns
 54192 | Elf:3    | Reached XP level 21. HP: 118/118 MP: 37/49
 54518 | Elf:3    | Reached skill level 15 in Conjurations
 54914 | Elf:3    | Reached skill level 5 in Evocations
 54925 | Elf:3    | Identified the +10 mace of Tykhle Ugown {venom, rF+ Int+2}
 55361 | Elf:3    | Got the Reference Book on Flying Snow
 55490 | Elf:3    | Identified the +5 chain mail of the Cockatrice {Harm Int+3}
 55808 | Vaults:1 | Entered Level 1 of the Vaults
 56107 | Vaults:1 | Reached skill level 5 in Polearms
 56912 | Vaults:1 | Reached skill level 25 in Spellcasting
 57957 | Vaults:2 | Reached XP level 22. HP: 107/124 MP: 31/51
 58680 | Vaults:2 | Noticed Boris
 58686 | Vaults:2 | Killed Boris
 59647 | Vaults:3 | Learned a level 7 spell: Spellforged Servitor
 59705 | Vaults:2 | Learned a level 7 spell: Ozocubu's Refrigeration
 60077 | Vaults:3 | Paralysed by a sphinx for 4 turns
 60310 | Vaults:3 | Learned a level 4 spell: Flame Wave
 60420 | Vaults:3 | Found a staircase to the Crypt.
 61177 | Vaults:3 | Found Sonemmim's Antique Armour Emporium.
 61696 | Vaults:4 | Found a flickering gateway to a bazaar.
 61702 | Bazaar   | Entered a bazaar
 61719 | Bazaar   | Found Zoloana Ybij's General Store.
 61733 | Bazaar   | Found Fumank's Weapon Shoppe.
 61760 | Bazaar   | Found Empika's Antique Weapon Emporium.
 61774 | Bazaar   | Found Onazigib's Magic Scroll Emporium.
 61781 | Bazaar   | Bought a scroll of teleportation for 45 gold pieces
 61781 | Bazaar   | Bought a scroll of fog for 30 gold pieces
 61781 | Bazaar   | Bought a scroll of teleportation for 45 gold pieces
 61781 | Bazaar   | Bought a scroll of magic mapping for 52 gold pieces
 61805 | Bazaar   | Bought a potion of heal wounds for 40 gold pieces
 61805 | Bazaar   | Bought a scroll of blinking for 60 gold pieces
 61921 | Vaults:4 | Reached XP level 23. HP: 129/129 MP: 16/52
 62118 | Vaults:4 | Acquired the ring of Life {Int+6 Dex+4}
 62244 | Vaults:4 | Reached skill level 26 in Spellcasting
 62335 | Vaults:4 | Learned a level 2 spell: Sublimation of Blood
 63426 | Vaults:5 | Entered Level 5 of the Vaults
 63603 | Vaults:5 | Noticed a golden dragon
 63610 | Vaults:4 | Reached skill level 10 in Shields
 63610 | Vaults:4 | Reached skill level 10 in Invocations
 63620 | Vaults:4 | Upgraded the game from 0.28-a0-1130-gc51a68064b to
                  | 0.28-a0-1143-gcf6077d4cc
 63665 | Vaults:5 | Paralysed by an ogre mage for 7 turns
 63668 | Vaults:5 | Slain by a war gargoyle

Illustrated notes

Levels and vault maps discovered:
D:1:      lemuel_arrival_hallway, layout_basic,
          hellmonk_ecumenical_altar_crossroads, hangedman_decor_growths
D:2:      layout_loops_cross, uniq_natasha
D:3:      layout_basic, uniq_grinder, uniq_jessica
D:4:      layout_gridville, mainiacjoe_overflow_catwalk_spiral,
          gammafunk_ghost_mausoleum, kennysheep_decorative_pillar
D:5:      layout_layer_cave, minmay_temple_entry_overgrown,
          kennysheep_generic_room_15
D:6:      layout_basic, minivault_24, minivault_19
D:7:      layout_loops_corners, minmay_misc_feat_four_crosses, uniq_duvessa,
          uniq_maggie
D:8:      layout_loops_ring, gammafunk_ghost_wrathful_warriors,
          eino_tiny_chamber
D:9:      layout_long_grid, gammafunk_temple_overflow_elements,
          nicolae_sif_muna_little_library, kennysheep_slug_shrine,
          kennysheep_small_spiral, uniq_erolcha, uniq_maurice
D:10:     layout_basic, uniq_snorg
D:11:     layout_basic, erik_lair_orcish_takeover, orc_0_dummy,
          biasface_ghost_orc_armoury
D:12:     layout_basic
D:13:     layout_irregular_city, minivault_20, nicolae_stop_n_shop_2,
          uniq_jorgrun
D:14:     layout_basic, skrybe_vaults_entry_preservation,
          minmay_staircase_windowed_large, chequers_serial_rivers_marsh
D:15:     hangedman_depths_entry_civil_slaughter, layout_loops_corners,
          elyvilon_altar_3, zin_scriptorium
Temple:   regret_index_temple_sphere_string
Lair:1:   layout_gridlike
Lair:2:   layout_loops_ring, uniq_urug
Lair:3:   layout_misc_corridors, swamp_mist_pool, spider_nest_entry_webs,
          basic_altar, gauntlet_entry_generic, infiniplex_staircase_pool_2
Lair:4:   layout_gridlike
Lair:5:   layout_regular_city, lemuel_fruit_tree
Lair:6:   evil_forest, layout_cave_pods, dpeg_slime_entry_corner
Swamp:1:  nicolae_swamp_ascending_descending, layout_basic_swamp,
          evilmike_swamp_ruin_wall, swamp_pool3, nicolae_swamp_oxbows,
          uniq_aizul
Swamp:2:  layout_falls_marsh, basic_altar
Swamp:3:  layout_basic_swamp, serial_swamp_ruin, evilmike_swamp_ruin_rubble_1,
          evilmike_swamp_ruin_house_2, evilmike_swamp_ruin_house_5, swamp_pool4
Swamp:4:  swamp, layout_basic_swamp, swamp_pool1
Spider:1: layout_spider_delve, drop_trap, hangedman_spider_mandibles,
          nicolae_spider_not_touching_you, uniq_asterion
Spider:2: layout_chambers, nicolae_spider_paper_wasps
Spider:3: layout_spider_delve
Spider:4: spider_rune_water, spiders_nest_hornet_nest
Orc:1:    layout_caves
Orc:2:    grunt_orc_tribal_feast, layout_caves, serial_shops, bzr_in_the_mist,
          uniq_saint_roka
Elf:1:    eino_elf_arrival_customs, layout_geoelf_grid, minmay_elf_annihilation
Elf:2:    nicolae_elf_blades_splatter_lattice
          [nicolae_blade_entry_floor_patterns], layout_geoelf_diagonals,
          minivault_11, serial_sigils_hangedman_shear, uniq_donald
Elf:3:    elf_hall, layout_gridlike, serial_shops,
          nicolae_shop_overgrown_old_shop, hangedman_decor_cross_pass
Vaults:1: vaults_room_stairs_pillars, hangedman_vaults_hat,
          hangedman_vaults_slice, v_misc_28, nicolae_vaults_specimen_jars,
          hangedman_vaults_variations, vaults_standard_mumra_enter_the_diamond,
          vaults_room_door_ring, v_misc_4, nicolae_vaults_halls_meeting,
          hangedman_vaults_stretched_pinwheel, layout_vaults_omnibox
Vaults:2: hangedman_vaults_nails, v_misc_5, ontoclasm_vaults_eye,
          nicolae_vaults_asterisk, vaults_dpeg_spiral,
          nicolae_vaults_ring_of_whatevers, nicolae_vaults_shelves_hall,
          vaults_room_hallway, nicolae_vaults_holding_cells,
          layout_vaults_quadrants, uniq_xtahua, uniq_boris
Vaults:3: v_misc_23, minmay_crypt_entry_simple_corners,
          nicolae_vaults_network_barrier, nicolae_vaults_little_squares_5,
          nicolae_vaults_diagonal_hallway_6, v_misc_12, ontoclasm_vaults_pinch,
          nicolae_vaults_sealed_display, nicolae_vaults_yaktaur_gun_rack,
          vaults_dpeg_diagonal, nicolae_vaults_mini_display_case,
          ontoclasm_vaults_chip, grunt_vaults_focal, layout_vaults_omnicross,
          serial_shops, shop
Vaults:4: v_misc_2, st_spiral_rooms, vaults_room_hallway,
          vaults_standard_mumra_lines, v_alt_pattern_3,
          nicolae_vaults_circle_grid_b, nicolae_vaults_little_squares_1,
          grunt_vaults_swirl, v_misc_33, v_rooms_3, vaults_mumra_hex,
          ontoclasm_vaults_fault, layout_vaults_maze, serial_shops,
          bzr_entry_road
Vaults:5

Skill      XL: |  1  2  3  4  5  6  7  8  9 10 11 12 13 14 15 16 17 18 19 20 21 22 23 |
---------------+----------------------------------------------------------------------+-----
Spellcasting   | 3 4 5 6 7 9 11 13 14 16 17 18 20 21 22 23 24 25 26 | 26.3
Ice Magic      | 5 6 7 8 9 10 | 10.9
Short Blades   | 1 3 4 5 |  5.3
Conjurations   | 1 3 4 5 6 7 8 10 11 12 13 14 15 16 | 16.5
Fighting       | 1 2 3 4 5 6 7 8 9 |  9.3
Dodging        | 3 4 5 6 7 8 9 10 11 12 13 | 13.0
Evocations     | 2 3 4 5 |  5.4
Necromancy     | 1 |  1.0
Air Magic      | 1 3 4 |  4.3
Armour         | 1 2 3 4 5 6 |  6.8
Shields        | 1 2 4 5 6 7 9 10 | 10.0
Hexes          | 1 |  1.6
Polearms       | 2 4 5 6 |  6.4
Invocations    | 3 5 7 8 10 | 10.0
Throwing       | |  0.8
Stealth        | |  2.8
Fire Magic     | |  0.1
Poison Magic   | |  0.3

Action                   |  1- 3 |  4- 6 |  7- 9 | 10-12 | 13-15 | 16-18 | 19-21 | 22-24 || total
-------------------------+-------+-------+-------+-------+-------+-------+-------+-------++-------
Melee: Short sword       |     9 |    27 |   129 |     4 |       |       |       |       ||   169
       Dagger            |       |       |       |    86 |    39 |       |       |       ||   125
       Rapier            |       |       |       |       |   282 |   353 |       |       ||   635
       Spear             |       |       |       |       |       |   199 |   377 |   383 ||   959
Throw: Dart              |       |     3 |    17 |    24 |     7 |     9 |       |     3 ||    63
 Cast: Freeze            |    30 |    28 |    71 |    41 |    20 |       |       |       ||   190
       Frozen Ramparts   |       |     6 |     8 |    14 |     7 |    14 |     3 |     2 ||    54
       Mephitic Cloud    |       |     4 |     6 |    25 |    23 |     4 |     3 |     1 ||    66
       Hailstorm         |       |     3 |    46 |    98 |    99 |    19 |     7 |     4 ||   276
       Ozocubu's Armour  |       |       |     1 |       |     1 |     1 |       |       ||     3
       Dispel Undead     |       |       |       |    40 |     4 |    11 |     1 |     5 ||    61
       Freezing Cloud    |       |       |       |    33 |    99 |   166 |   123 |    85 ||   506
       Fulminant Prism   |       |       |       |     2 |     1 |     2 |     2 |     1 ||     8
       Corpse Rot        |       |       |       |       |     4 |     2 |       |       ||     6
       Lightning Bolt    |       |       |       |       |       |    93 |   345 |   163 ||   601
       Orb of Destructio |       |       |       |       |       |    24 |    74 |    17 ||   115
       Dazzling Flash    |       |       |       |       |       |    12 |       |       ||    12
       Ozocubu's Refrige |       |       |       |       |       |       |       |     5 ||     5
       Flame Wave        |       |       |       |       |       |       |       |     3 ||     3
       Spellforged Servi |       |       |       |       |       |       |       |     2 ||     2
       Sublimation of Bl |       |       |       |       |       |       |       |     6 ||     6
Invok: Upheaval          |       |       |       |       |       |       |       |     2 ||     2
       Elemental Force   |       |       |       |       |       |       |       |     1 ||     1
       Disaster Area     |       |       |       |       |       |       |       |     2 ||     2
 Abil: Evoke Blink       |       |       |       |       |       |     4 |     3 |     4 ||    11
Evoke: Wand              |       |       |     6 |     8 |     6 |    21 |    20 |     2 ||    63
       Phial of floods   |       |       |       |       |       |     2 |     2 |       ||     4
       Condenser vane    |       |       |       |       |       |     1 |     3 |       ||     4
       Lightning rod     |       |       |       |       |       |       |    10 |     8 ||    18
  Use: Scroll            |     2 |     1 |     6 |     6 |    12 |     3 |     9 |     5 ||    44
       Potion            |       |     4 |     5 |       |     3 |     7 |       |     4 ||    23
 Stab: Sleeping          |     7 |     4 |     9 |       |       |       |       |       ||    20
       Confused          |       |     1 |     2 |     7 |     3 |     3 |       |       ||    16
       Petrified         |       |       |       |       |     4 |       |       |       ||     4
       Invisible         |       |       |       |       |       |     2 |       |       ||     2
Armor: Robe              |     3 |     8 |    43 |    13 |       |       |       |       ||    67
       Skin              |       |     2 |       |       |       |       |       |       ||     2
       Troll leather arm |       |       |       |    26 |    69 |   146 |       |       ||   241
       Ring mail         |       |       |       |       |       |    14 |    84 |    80 ||   178
Dodge: Dodged            |    13 |    13 |   138 |   142 |   145 |   445 |   249 |   158 ||  1303
       Repelled          |       |       |       |       |     4 |     3 |    15 |     1 ||    23
Block: Other             |       |       |     1 |    21 |       |       |       |       ||    22
       Buckler           |       |       |       |    11 |   297 |   778 |   282 |       ||  1368
       Reflection        |       |       |       |       |     8 |    17 |    68 |    26 ||   119
       Kite shield       |       |       |       |       |       |       |   194 |   473 ||   667

Table legend: (Time is in decaauts)
 A = Elapsed time spent in this place.
 B = Non-inter-level travel time spent in this place.
 C = Inter-level travel time spent in this place.
 D = Time resting spent in this place.
 E = Time spent auto-exploring this place.
 F = Levels seen in this place.
 G = Mean time per level.
                   A        B        C        D        E       F      G
               +--------+--------+--------+--------+--------+-----+--------+
         Total |  64093 |  58492 |   5601 |   1502 |  48281 |  42 | 1526.0 |
       Dungeon |  25053 |  22909 |   2144 |    176 |  20021 |  15 | 1670.2 |
        Temple |     48 |     33 |     15 |      0 |     22 |   1 |   48.0 |
          Lair |   8155 |   7388 |    767 |      0 |   6586 |   6 | 1359.2 |
         Swamp |   5631 |   5317 |    314 |    508 |   4139 |   4 | 1407.8 |
   Spider Nest |   6843 |   6351 |    492 |     90 |   5126 |   4 | 1710.8 |
  Orcish Mines |   1867 |   1478 |    389 |    362 |    760 |   2 |  933.5 |
   Elven Halls |   7620 |   6675 |    945 |    304 |   5170 |   3 | 2540.0 |
        Vaults |   7742 |   7209 |    533 |     62 |   5612 |   5 | 1548.4 |
        Bazaar |    114 |    114 |      0 |      0 |     85 |   1 |  114.0 |
      Gauntlet |   1014 |   1014 |      0 |      0 |    759 |   1 | 1014.0 |
               +--------+--------+--------+--------+--------+-----+--------+

Top non-repeatable levels by time:
   Elf:1: 3517 daAuts
     D:9: 2503 daAuts
     D:8: 2376 daAuts
Spider:2: 2187 daAuts
     D:7: 2144 daAuts
   Elf:2: 2133 daAuts
Vaults:3: 2101 daAuts
     D:6: 2093 daAuts
Vaults:2: 2039 daAuts
  Lair:6: 2026 daAuts
   Elf:3: 1970 daAuts
Vaults:4: 1892 daAuts
Spider:4: 1853 daAuts
    D:11: 1841 daAuts
     D:5: 1816 daAuts
